AoeStats
← Valius

Arena

504008543Analyzed
4v4 RM · 1mo ago on Sep 3, 2026· 81m 58s· 8 players
Game mode
Random Map
Map size
Large (8 player)
Population
200
Speed
Normal
Resources
Standard
Victory
Conquest
Starting age
Dark Age
Ending age
Imperial Age
RankedLock teamsTeams togetherTeam positionsShared explorationLock speedFull tech treeHidden civsTurbo modeCheats
Victory
Defeat
🇮🇱 Spanish · Israel
948
+11
865
+38
🇮🇹 Turks · Italy
843
+15
🇺🇸 Vikings · United States
830
+16
🇨🇳 Goths · China
854
-15
🇨🇳 Bohemians · China
852
-15
🇨🇳 Cumans · China
850
-15
🇰🇿 Jurchens · Kazakhstan
779
-12
AlexShukov13
12:59 Feudal Age
14:22 Man-at-Arms
14:52 Double-Bit Axe
14:49 Horse Collar
15:27 Forging
15:39 Gold Mining
20:22 Castle Age
20:17 Scale Mail Armor
20:29 Long Swordsman
21:10 Squires
21:19 Gambesons
21:20 Arson
25:01 Town Watch
25:40 Chain Mail Armor
29:32 Iron Casting
29:06 Pikeman
30:47 Gold Shaft Mining
30:14 Heavy Plow
30:29 Bow Saw
35:11 Imperial Age
32:48 Stone Mining
32:49 Loom
35:16 Two-Handed Swordsman
38:24 Blast Furnace
38:33 Champion
41:48 Crop Rotation
43:09 Plate Mail Armor
45:39 Two-Man Saw
46:29 Conscription
48:44 Chieftains
55:38 Fletching
55:49 Padded Archer Armor
56:56 Chemistry
56:17 Ballistics
55:53 Murder Holes
58:34 Leather Archer Armor
58:16 Bodkin Arrow
58:38 Leather Archer Armor
58:27 Crossbowman
58:29 Elite Skirmisher
59:15 Arbalester
60:37 Bogsveigar
65:50 Bracer
66:21 Ring Archer Armor
69:59 Fortified Wall
70:03 Masonry
69:59 Siege Engineers
79:30 Architecture
Noder Neder WAKANDA
10:32 Feudal Age
14:47 Castle Age
16:11 Forging
16:07 Scale Barding Armor
21:58 Fletching
25:55 Town Watch
25:57 Loom
27:28 Ballistics
27:00 Double-Bit Axe
28:55 Wheelbarrow
28:21 Town Patrol
29:26 Bodkin Arrow
29:32 Padded Archer Armor
31:23 Squires
30:44 Pikeman
35:13 Leather Archer Armor
39:18 Gold Mining
39:18 Stone Mining
39:45 Bow Saw
43:03 Imperial Age
41:52 Murder Holes
42:08 Masonry
42:56 Inquisition
43:11 Arson
44:44 Ring Archer Armor
44:15 Bracer
45:18 Chemistry
44:50 Architecture
45:32 Elite Conquistador
46:38 Conscription
47:52 Two-Man Saw
54:23 Elite Skirmisher
54:24 Heavy Cavalry Archer
55:09 Thumb Ring
67:34 Hand Cart
68:28 Chain Barding Armor
70:12 Light Cavalry
71:03 Bloodlines
72:02 Plate Barding Armor
72:03 Iron Casting
70:53 Hussar
75:42 Halberdier
✞VasyaTheBlackTiger {Mark}✞^
12:37 Feudal Age
14:32 Gold Mining
14:28 Double-Bit Axe
20:54 Castle Age
19:02 Horse Collar
21:43 Scale Mail Armor
22:32 Wheelbarrow
22:25 Pikeman
26:57 Chain Mail Armor
27:16 Bow Saw
28:04 Heavy Plow
28:39 Stone Mining
29:24 Gold Shaft Mining
38:36 Imperial Age
38:15 Corvinian Army
39:02 Hand Cart
39:31 Loom
43:46 Caravan
44:19 Coinage
44:18 Padded Archer Armor
44:08 Fletching
46:01 Leather Archer Armor
47:51 Parthian Tactics
48:52 Heavy Cavalry Archer
50:28 Ring Archer Armor
50:36 Ballistics
51:34 Recurve Bow
54:05 Siege Engineers
55:01 Banking
56:08 Heated Shot
56:20 Bodkin Arrow
58:08 Man-at-Arms
58:09 Halberdier
59:38 Heavy Scorpion
60:33 Heavy Scorpion
62:12 Conscription
64:18 Chemistry
66:47 Heavy Scorpion
67:41 Elite Magyar Huszar
80:22 Arson
LORELLO
0:27 Loom
11:42 Feudal Age
12:09 Double-Bit Axe
12:06 Horse Collar
21:00 Castle Age
19:35 Stone Mining
19:36 Gold Mining
23:04 Heavy Plow
30:32 Imperial Age
29:02 Bow Saw
32:12 Gold Shaft Mining
34:46 Elite Janissary
36:18 Heavy Scorpion
56:58 Caravan
59:03 Two-Man Saw
58:31 Padded Archer Armor
58:21 Fletching
58:42 Forging
58:38 Scale Barding Armor
种地的老农
10:45 Feudal Age
14:41 Castle Age
20:17 Double-Bit Axe
29:20 Imperial Age
26:35 Horse Collar
26:58 Loom
28:25 Wheelbarrow
27:35 Town Watch
28:26 Squires
27:47 Pikeman
29:12 Bow Saw
29:05 Scale Mail Armor
29:06 Padded Archer Armor
28:57 Fletching
29:23 Heavy Plow
30:40 Hand Cart
30:26 Town Patrol
31:05 Forging
30:54 Bodkin Arrow
31:15 Chain Mail Armor
31:15 Leather Archer Armor
32:37 Chemistry
32:31 Ballistics
32:23 Masonry
32:10 Murder Holes
34:52 Elite Skirmisher
38:09 Wagenburg Tactics
41:39 Husbandry
40:59 Light Cavalry
41:58 Houfnice
Valius
0:35 Loom
12:13 Feudal Age
16:07 Castle Age
19:12 Fervor
19:03 Double-Bit Axe
20:39 Horse Collar
22:03 Sanctity
23:39 Gold Mining
25:58 Heavy Plow
26:00 Stone Mining
28:05 Bow Saw
28:57 Wheelbarrow
29:44 Gold Shaft Mining
29:44 Padded Archer Armor
32:07 Siege Engineers
32:36 Leather Archer Armor
33:25 Coinage
34:46 Ballistics
37:23 Imperial Age
36:14 Hand Cart
38:40 Thunderclap Bombs
39:19 Conscription
40:08 Ring Archer Armor
41:02 Banking
41:20 Fortified Bastions
41:31 Scale Barding Armor
41:41 Forging
43:11 Chain Barding Armor
44:46 Two-Man Saw
44:18 Block Printing
44:31 Illumination
47:08 Fortified Wall
67:52 Elite Skirmisher
68:30 Fletching
隔壁山水好
5:15 Loom
10:43 Feudal Age
12:06 Double-Bit Axe
20:14 Gold Mining
22:29 Wheelbarrow
24:48 Castle Age
24:13 Horse Collar
24:59 Bloodlines
25:44 Scale Barding Armor
26:26 Bow Saw
27:23 Capped Ram
29:34 Forging
31:44 Iron Casting
31:32 Chain Barding Armor
34:49 Hand Cart
39:42 Gold Shaft Mining
39:00 Stone Mining
40:09 Iron Casting
39:26 Town Watch
40:17 Heavy Plow
42:31 Fletching
42:42 Padded Archer Armor
46:21 Steppe Husbandry
49:22 Imperial Age
46:52 Bodkin Arrow
47:05 Murder Holes
47:31 Ballistics
47:12 Light Cavalry
49:37 Cavalier
49:49 Siege Ram
51:42 Town Patrol
52:19 Plate Barding Armor
52:45 Blast Furnace
52:42 Conscription
51:43 Elite Kipchak
52:22 Herbal Medicine
52:49 Cuman Mercenaries
52:21 Paladin
56:57 Hussar
58:56 Crop Rotation
59:29 Two-Man Saw
68:05 Coinage
69:56 Chemistry
72:58 Parthian Tactics
72:38 Thumb Ring
75:44 Banking
75:15 Caravan
76:28 Hoardings
ysysys1996
2:44 Loom
12:40 Feudal Age
12:56 Man-at-Arms
17:45 Castle Age
16:05 Man-at-Arms
17:18 Forging
18:08 Scale Mail Armor
20:47 Double-Bit Axe
21:40 Horse Collar
26:34 Wheelbarrow
26:37 Bow Saw
27:11 Gold Mining
27:41 Town Watch
28:13 Heavy Plow
28:35 Masonry
30:39 Caravan
30:50 Stone Mining
31:35 Hand Cart
31:36 Long Swordsman
31:55 Pikeman
32:55 Squires
32:31 Light Cavalry
33:22 Bloodlines
33:52 Chain Mail Armor
34:12 Iron Casting
34:40 Husbandry
38:30 Imperial Age
38:32 Onager
39:20 Perfusion
41:00 Two-Man Saw
40:32 Crop Rotation
39:59 Cavalier
40:01 Two-Handed Swordsman
43:13 Conscription
46:47 Stone Shaft Mining
56:41 Conscription
58:49 Halberdier
61:20 Champion
75:35 Anarchy
Connection lost

Rejoining the realm…

Still unreachable

The connection could not be restored.

Session expired

The server has moved on; the page needs a fresh start.